 Dungeon Crawl Stone Soup version 0.29.1-1-gd02db6906a (webtiles) character file.

Game seed: 1232735110331741647

29 lonewolfV2 the Trooper (level 3, -2/33 HPs)
             Began as a Hill Orc Fighter on Oct 15, 2022.
             Killed from afar by a white imp (7 damage)
             ... with a puff of frost
             ... summoned by Natasha
             ... on level 2 of the Dungeon.
             The game lasted 00:01:10 (1206 turns).

lonewolfV2 the Trooper (Hill Orc Fighter)           Turns: 1206, Time: 00:01:10

Health: -2/33      AC:  6    Str: 20    XL:     3   Next: 16%
Magic:  3/3        EV:  9    Int:  8    God:
Gold:   44         SH:  4    Dex: 10    Spells: 2/2 levels left

rFire   . . .      SeeInvis .   a - +0 war axe
rCold   . . .      Faith    .   c - +0 buckler
rNeg    . . .      Spirit   .   b - +0 scale mail
rPois   +          Reflect  .   (no helmet)
rElec   .          Harm     .   (no cloak)
rCorr   .          Rampage  .   (no gloves)
Will    .....                   (no boots)
Stlth   ..........              (no amulet)
HPRegen 0.11/turn               j - ring of poison resistance
MPRegen 0.08/turn               (no ring)

@: slowed, very slow
A: no striking features
a: no special abilities


You were on level 2 of the Dungeon.
You visited 1 branch of the dungeon, and saw 2 of its levels.

You collected 44 gold pieces.

Inventory:

Hand Weapons
 a - a +0 war axe (weapon)
Armour
 b - a +0 scale mail (worn)
 c - a +0 buckler (worn)
Jewellery
 j - a ring of poison resistance (left hand)
Wands
 i - a wand of paralysis (6)
Scrolls
 e - a scroll of blinking {unknown}
 g - a scroll of identify {unknown}
 h - a scroll of noise {unknown}
Potions
 d - 2 potions of might
 f - a potion of curing {unknown}


   Skills:
 + Level 4.2 Fighting
 + Level 3.3 Axes
 + Level 3.5 Armour
 + Level 3.6 Shields


You had 2 spell levels left.
You didn't know any spells.
Your spell library contained the following spells:

 Spells                   Type           Power      Damage    Failure   Level
 Slow                     Hex            0%         N/A       85%         1
 Confusing Touch          Hex            0%         N/A       99%         3
 Vampiric Draining        Necr           0%         2d6       99%         3


Dungeon Overview and Level Annotations

Branches:
Dungeon (2/15)

Altars:

Annotations:
D:2 Natasha


Message History

A frilled lizard is nearby!
Found a stone staircase leading down.
You hit the frilled lizard.
You kill the frilled lizard!
Found a stone staircase leading up.
Natasha, Servant of Life and Death comes into view.
Natasha hisses angrily.
You see here a potion of might.
Natasha is nearby!
Natasha is nearby!
Natasha stares at you and mumbles some strange words.
You resist with significant effort.
You see here a potion of might.
d - 2 potions of might (gained 1) Natasha mumbles some strange words.
Natasha mumbles some strange words.
The white imp shouts, "Remove thy stench, thou worthless nut-hook maggot-pie!"
The white imp gestures at you. The puff of frost hits you!
Natasha stares at you and mumbles some strange words.
You feel yourself slow down.
Natasha drinks a potion.
Natasha seems to speed up.
Natasha stares at you and mumbles some strange words.
You resist with significant effort. Natasha closely misses you.
You block Natasha's attack. Natasha claws you but does no damage.
You block Natasha's attack. Natasha claws you. Natasha claws you.
The iron imp hits you. Natasha claws you. You block the white imp's attack.
You hit the iron imp.
The iron imp is lightly wounded.
You hit the white imp but do no damage. You hit Natasha.
Natasha extends her claws.
Natasha completely misses you. The iron imp hits you!
* * * LOW HITPOINT WARNING * * *
Natasha claws you.
* * * LOW HITPOINT WARNING * * *
The white imp gestures at you. The puff of frost hits you!
You die...

.......# #.##.. .....$.#
##.#### ###.....# #..#
.......## #.## .
#.......## #.# #.
#......... #.#
.#.######..........#.##
........h55....#.#....#
.>.......@.......#..#)#
...........###.....##.####
#..........# #.##..#......
..#.....######.##....(....
..........................
###.#.....####.##.........
<..#.#...####.##....#####
..###.###....#.###...##
..........)#.###.#..#


You could see an iron imp (summoned), Natasha (fast) and a white imp (summoned).

Vanquished Creatures
  2 endoplasms (D:1)
  A giant cockroach (D:1)
  3 goblins
  2 hobgoblins (D:1)
  6 jackals (D:1)
  A ball python (D:1)
  4 bats (D:1)
  2 frilled lizards
  2 kobolds (D:1)
  2 rats
25 creatures vanquished.

Vanquished Creatures (others)
  3 withered plants (D:1)
3 creatures vanquished.

Grand Total: 28 creatures vanquished

Notes
Turn   | Place    | Note
-------+----------+-------------------------------------------
     0 | D:1      | lonewolfV2 the Hill Orc Fighter began the quest for the
                  | Orb.
     0 | D:1      | Reached XP level 1. HP: 19/19 MP: 1/1
    59 | D:1      | Reached XP level 2. HP: 11/27 MP: 2/2
    83 | D:1      | Reached skill level 4 in Fighting
   432 | D:1      | Found a faded altar of an unknown god.
   761 | D:1      | Reached XP level 3. HP: 33/33 MP: 3/3
  1193 | D:2      | Noticed Natasha
  1206 | D:2      | Killed from afar by a white imp

Illustrated notes

Levels and vault maps discovered:
D:1:      minmay_arrival_split_and_join, layout_basic,
          ebering_ecumenical_altar_petrified
D:2:      layout_rooms, uniq_robin, uniq_natasha

Skill      XL: |  1  2 |
---------------+-------+-----
Axes           | 3 |  3.3
Fighting       | 4 |  4.2
Armour         | |  3.5
Shields        | |  3.6

Action                   || total
-------------------------++-------
Melee: War axe           ||    67
Armor: Scale mail        ||    49
Dodge: Dodged            ||    41
Block: Buckler           ||    21
